[Event "*** Titled Tuesday Blitz"]
[Site "Chess.com"]
[Date "2020.05.26"]
[Round "7"]
[White "Tayson_7"]
[Black "RaunakSadhwani2005"]
[Result "0-1"]
[WhiteElo "2640"]
[BlackElo "2839"]
[TimeControl "180+1"]
[EndTime "11:22:48 PDT"]
[Termination "RaunakSadhwani2005 won by checkmate"]

1. e4 c6 2. d4 d5 3. f3 Qb6 4. Nc3 e6 5. a3 Nf6 6. e5 Nfd7 7. f4 c5 8. Nf3 Nc6 9. Na4 Qa5+ 10. Bd2 Qc7 11. Be3 Qa5+ 12. Bd2 Qc7 13. Be3 cxd4 14. Nxd4 Nxd4 15. Bxd4 Qa5+ 16. Nc3 Bc5 17. b4 Bxd4 18. Qxd4 Qb6 19. Nb5 Qxd4 20. Nxd4 Nb6 21. Bd3 Bd7 22. h4 h5 23. f5 exf5 24. Bxf5 Nc4 25.
O-O Nxe5 26. Rae1 f6 27. Be6 O-O-O 28. Bxd5 Bg4 29. Be6+ Kb8 30. c3 Rd6 31. Bf5 a6 32. Re3 Rhd8 33. Rfe1 Ka7 34. Bc2 Rc8 35. Bb3 Rd7 36.
Be6 Bxe6 37. Nxe6 Rc4 38. Rf1 Rxh4 39. Nd4 Rg4 40. a4 h4 41. b5 axb5 42. axb5 Kb6 43. Ra1 Rc7 44. Ra8 Rd7 45. Rf8 Kc5 46. Rc8+ Kd5 47.
Ne2 Ke6 48. Kf2 Kf7 49. Nd4 Rf4+ 50. Ke2 Rg4 51. Kf2 Kg6 52. b6 Rd6 53. Rc7 Rxb6 54. Ne2 Rb2 55. Kg1 Kh6 56. Re7 Kg6 57. Kh2 Rg5 58.
Nf4+ Kf5 59. Ne2 Ng4+ 60. Kh3 Nxe3 61. Rxe3 Kg6 62. Kxh4 Rh5+ 63. Kg3 Re5 64. Nf4+ Kf7 65. Rf3 g5 66. Nh5 Re6 67. Kg4 Rbe2 68. g3 R2e4+ 69. Kf5 R6e5# 0-1

[Event "*** Titled Tuesday Blitz"]
[Site "Chess.com"]
[Date "2020.05.26"]
[Round "7"]
[White "JulAnt"]
[Black "Zmeeed63"]
[Result "0-1"]
[WhiteElo "2389"]
[BlackElo "2238"]
[TimeControl "180+1"]
[EndTime "11:22:50 PDT"]
[Termination "Zmeeed63 won by resignation"]

1. e4 Nc6 2. Nf3 d6 3. d4 Bg4 4. Be2 Nf6 5. Nc3 g6 6. h3 Bxf3 7. Bxf3 Bg7 8. Be3 O-O 9. Qd2 e5 10. d5 Nd4 11. Bxd4 exd4 12. Qxd4 Nxe4 13. Qd3 Nxc3 14.
bxc3 Re8+ 15. Kf1 Qf6 16. Rb1 Qxc3 17. Qxc3 Bxc3 18. g3 b6 19. Kg2 a5 20. h4 h5 21.
Rbd1 Kg7 22. Rd3 Bb4 23. Bd1 Re5 24. f3 Rae8 25. g4 Be1 26. Rd4 Bb4 27. f4 Re4 28. Rxe4 Rxe4 29. gxh5 gxh5 30. Bxh5 Rxf4 31. Bf3 Rc4 32.
Bd1 Rd4 33. h5 Rxd5 34. h6+ Kh8 35. h7 Rg5+ 36. Kf3 Rg7 37. Ke4 Rxh7 38. Rxh7+ Kxh7 39. Kf5 Kg7 40. Bf3 Bc3 41. Bd5 Kf8 42. Bc6 Ke7 43.
Bd5 Bd4 44. Bc6 Be5 45. Bd5 a4 46. Bc6 a3 47. Bd5 Kd7 48. Bxf7 Kc6 49. Ke4 Kc5 50.
Kd3 Kb4 51. Kd2 c6 52. Kc1 d5 53. Be8 c5 54. Bf7 d4 55. Be6 Kc3 56. Bf5 b5 57. Bd7 b4 58. Be6 Bf4+ 59. Kb1 c4 60. Bg4 d3 61. cxd3 cxd3 62. Bd1 Kd2 63. Bg4 Ke1 64. Bf5 d2 65. Bc2 d1=Q+ 66. Bxd1 Kxd1 67. Ka1 Kd2 68. Kb1 Kc3 69. Ka1 b3 70. axb3 Kxb3 71. Kb1 Be5 0-1

[Event "*** Titled Tuesday Blitz"]
[Site "Chess.com"]
[Date "2020.05.26"]
[Round "7"]
[White "JozefKneht"]
[Black "doctorcristian"]
[Result "1-0"]
[WhiteElo "2475"]
[BlackElo "2304"]
[TimeControl "180+1"]
[EndTime "11:22:57 PDT"]
[Termination "JozefKneht won on time"]

1. e4 c5 2. Nf3 Nc6 3. d4 cxd4 4. Nxd4 g6 5. c4 Bg7 6. Be3 Nf6 7. Nc3 Ng4 8. Qxg4 Nxd4 9. Qd1 Ne6 10. Rc1 Qa5 11.
Be2 b6 12. Qd2 Bb7 13. f3 g5 14. O-O Be5 15. a3 Bf4 16. b4 Qe5 17. h3 Rc8 18.
Nd5 Bxe3+ 19. Qxe3 Nf4 20. Rfd1 Nxd5 21. cxd5 O-O 22.
Kf2 Kg7 23. g3 f6 24. f4 gxf4 25. gxf4 Qb2 26. Rg1+ Kh8 27. Qg3 Qd4+ 28. Kf3 f5 29. Rgd1 Qxe4+ 30. Kf2 Rxc1 31. Rxc1 Bxd5 32. Qc3+ Rf6 33.
Rg1 Qxf4+ 34. Ke1 Qh4+ 35. Kd1 Bc6 36. Qe5 Ba4+ 37. Kc1 Qh6+ 38. Kb1 Qf8 39. Bc4 e6 40. b5 d6 41. Qf4 h6 42. Qh4 Kh7 43. Bd3 Bxb5 44.
Bxb5 d5 45. Qb4 Qxb4+ 46. axb4 d4 47. Re1 a5 48. Kc2 axb4 49. Kd3 Kg6 50. Kxd4 Kh5 51.
Re3 Kh4 52. Ke5 f4 53. Rf3 Rf5+ 54. Kxe6 Rxb5 55. Rxf4+ Kxh3 56. Rf3+ Kg4 57. Rb3 h5 58. Kd6 h4 59. Kc6 1-0

[Event "*** Titled Tuesday Blitz"]
[Site "Chess.com"]
[Date "2020.05.26"]
[Round "7"]
[White "HrvojeZagreb"]
[Black "harkerchess"]
[Result "1/2-1/2"]
[WhiteElo "2165"]
[BlackElo "2054"]
[TimeControl "180+1"]
[EndTime "11:22:59 PDT"]
[Termination "Game drawn by repetition"]

1. d4 d5 2. Bf4 Nf6 3. e3 c5 4. Nc3 e6 5. Nb5 Na6 6. Nf3 Bd7 7. a4 Bc6 8. c3 Nh5 9. Be5 f6 10. Ng5 g6 11. Nxe6 Qd7 12. Nec7+ Nxc7 13. Nxc7+ Kd8 14. Nxa8 fxe5 15. dxe5 b6 16. Bb5 Bxb5 17. axb5 Qb7 18. Nxb6 axb6 19. c4 d4 20. O-O Bg7 21. exd4 Kc7 22.
dxc5 Rd8 23. Qg4 bxc5 24. Qe6 Qxg2+ 25. Kxg2 Nf4+ 26. Kh1 Nxe6 27. f4 Rd4 28. Ra7+ Kb8 29. Re7 Nxf4 30. Rxg7 Rxc4 31. e6 Nxe6 32. Re7 Re4 33. b6 h5 34. Rf8+ Nxf8 35. Rxe4 Kb7 36. Re8 Nd7 37. Re7 Kc6 38. b7 Nb8 39. Rg7 Kb6 40.
h4 Nc6 41. Rxg6 Kxb7 42. Rg5 Nd4 43. Rxh5 Nf3 44. Rxc5 Nxh4 45. Rc4 Nf5 46. Rf4 Ne3 47. Kg1 Nd5 48. Rf7+ Kb6 49. Kf2 Kb5 50. Rf5 Kc4 51. Rxd5 Kxd5 52. Ke3 Kc4 53. Kd2 Kb3 54. Kc1 Kb4 55.
Kc2 Kc4 56. Kb1 Kb3 57. Ka1 Kb4 58. Ka2 Ka4 59. b3+ Kb4 60. Kb2 Kb5 61. Kc3 Kc5 62.
Kc2 Kb5 63. Kc3 Kc5 64. b4+ Kb5 65. Kb3 Kb6 66. Kc4 Kc6 67. Kd4 Kb6 68. Kd3 Kb5 69. Kc3 Kb6 70. Kb3 Kb5 71. Ka3 Kb6 72. Ka4 Ka6 73.
Kb3 Kb5 74. Kc3 Kb6 75. Kc4 Kc6 76. b5+ Kb6 77. Kb4 Kb7 78. Kc5 Kc7 79. Kc4 Kb7 80. Kb4 Kb6 81. Ka4 Kb7 82. Ka5 Ka7 83. b6+ Kb7 84. Kb5 Kb8 85. Ka5 Kb7 86. Kb5 Kb8 87. Kc5 Kb7 88. Kb5 1/2-1/2

[Event "*** Titled Tuesday Blitz"]
[Site "Chess.com"]
[Date "2020.05.26"]
[Round "7"]
[White "Jungle_Jaguar"]
[Black "MidnightFox"]
[Result "0-1"]
[WhiteElo "2564"]
[BlackElo "2417"]
[TimeControl "180+1"]
[EndTime "11:23:00 PDT"]
[Termination "MidnightFox won by checkmate"]

1. e4 e5 2. Nf3 Nc6 3. Bb5 a6 4. Ba4 Nf6 5. O-O b5 6. Bb3 Bc5 7. c3 d6 8. d4 Bb6 9. h3 h6 10. Be3 O-O 11. Nbd2 Bb7 12. Re1 Re8 13. Rc1 exd4 14. cxd4 Na5 15. e5 Nxb3 16. Qxb3 Nd5 17.
Rcd1 Qd7 18. Nf1 Rad8 19. Bc1 Ba5 20. Bd2 Bb6 21. Ng3 Ne7 22. a3 Nf5 23. e6 Rxe6 24.
Rxe6 Qxe6 25. Qxe6 fxe6 26. Nh5 Bxf3 27. gxf3 Nxd4 28.
Kg2 e5 29. f4 e4 30. Ng3 d5 31. Be3 c5 32. b4 Nb3 33. bxc5 Bxc5 34. Nxe4 Bxa3 35.
Ng3 a5 36. Nf5 a4 37. Bb6 Rd7 38. Re1 Kf7 39. Kf3 Nd2+ 40. Kg4 Ne4 41. f3 Nf6+ 42. Kg3 b4 43. Ra1 g6 44. Ne3 d4 45. Nc4 d3 46. Ne5+ Ke6 47. Nxd7 Nxd7 48. Be3 Nf6 49.
Kf2 Nd5 50. Bd2 Nb6 51. Ke3 Nc4+ 52. Kxd3 Nxd2 53. Kxd2 Kf5 54. Ke3 h5 55. h4 Kf6 56.
Ke4 Ke6 57. f5+ gxf5+ 58. Kf4 Kf6 59. Ke3 Ke5 60. f4+ Kd5 61. Kd3 Kc5 62. Ra2 Kb5 63. Ra1 Bb2 64. Re1 a3 65. Kc2 Ka4 66. Re8 b3+ 67. Kd3 a2 68. Kc4 Ka5 69. Kc5 Ba3+ 70. Kc4 a1=Q 71. Re3 Qc1+ 72. Rc3 Qxf4+ 73. Kxb3 Bb4 74. Kc2 Bxc3 75. Kxc3 Qxh4 76. Kd3 Qg4 77. Ke3 h4 78. Kf2 h3 79. Kf1 h2 80. Kf2 h1=Q 81.
Ke3 Qhf3+ 82. Kd2 Qgg2+ 83. Ke1 Qff1# 0-1

[Event "*** Titled Tuesday Blitz"]
[Site "Chess.com"]
[Date "2020.05.26"]
[Round "7"]
[White "malakismayil"]
[Black "Muguet7"]
[Result "0-1"]
[WhiteElo "2297"]
[BlackElo "2471"]
[TimeControl "180+1"]
[EndTime "11:23:08 PDT"]
[Termination "Muguet7 won on time"]

1. e4 c5 2. Nf3 e6 3. Nc3 Nc6 4. Bb5 Nge7 5. d3 a6 6. Bxc6 Nxc6 7. O-O Be7 8. Bf4 O-O 9. d4 cxd4 10. Nxd4 d6 11.
Nxc6 bxc6 12. e5 d5 13. Qg4 f5 14. exf6 Bxf6 15. Qg3 Qb6 16. Rab1 Bd7 17. Bd6 Rf7 18.
Na4 Qd4 19. Nc5 Bh4 20. Qe3 Bxf2+ 21. Qxf2 Rxf2 22. Rxf2 Be8 23. Nxe6 Qe3 24. Bc5 d4 25. Nxd4 Bg6 26. Nb3 Qe4 27. Rbf1 h6 28. c3 Kh7 29. Bd4 a5 30. Nc5 Qd5 31. a3 Rb8 32. h3 Re8 33. b4 axb4 34. axb4 Qc4 35. Nd7 Bd3 36. Rf7 Rg8 37.
Nf6+ Kg6 38. Nxg8 Bxf1 39. Rxf1 Qxg8 40. Rf3 Qd5 41. Rg3+ Kf5 42. Rxg7 Qe4 43. Rf7+ Kg6 44. Rf6+ Kg5 45. Kh2 Qd5 46. Rf3 Qd6+ 47. Kh1 h5 48. Be3+ Kg6 49. Bd4 Qd5 50. Rf6+ Kg5 51. Rf3 Qe4 52. Rg3+ Kf5 53. Rf3+ Kg6 54. Re3 Qb1+ 55.
Kh2 Qf5 56. Rg3+ Kh7 57. Re3 Qf4+ 58. Kg1 h4 59. Rf3 Qc1+ 60. Kh2 Qg5 61. Rf7+ Kh6 62. Rf3 Kh5 63. Be3 Qe5+ 64. Kh1 Qxc3 65. Bf4 Qxb4 66. Kh2 Qb1 67. Bd6 Qe4 68. Bc5 Qd5 69. Be3 c5 70.
Bf4 c4 71. Bc1 Qd4 72. Be3 Qd3 73. Bf4 Qe4 74. Re3 Qxf4+ 0-1

[Event "*** Titled Tuesday Blitz"]
[Site "Chess.com"]
[Date "2020.05.26"]
[Round "7"]
[White "Moon_stone123"]
[Black "Tenamu"]
[Result "1/2-1/2"]
[WhiteElo "2512"]
[BlackElo "2376"]
[TimeControl "180+1"]
[EndTime "11:23:13 PDT"]
[Termination "Game drawn by repetition"]

1. Nf3 d5 2. g3 c6 3. Bg2 Bg4 4. O-O Nd7 5. d3 Ngf6 6. Nbd2 e5 7. c4 Bc5 8. h3 Bh5 9. g4 Bg6 10. Nh4 O-O 11. Nxg6 hxg6 12. a3 a5 13. b3 Nh7 14.
Bb2 Kh8 15. cxd5 cxd5 16. Bxd5 Qh4 17. Bg2 Ng5 18. e3 Nxh3+ 19. Bxh3 Qxh3 20. Qf3 Qxf3 21. Nxf3 f6 22. Rac1 Kg8 23. Rfd1 Rac8 24. d4 exd4 25. Nxd4 Kf7 26. Nb5 Ne5 27. Bxe5 fxe5 28. a4 Ke6 29.
Kf1 Rc6 30. Ke2 g5 31. Rc4 Ke7 32. Rd5 b6 33. Rxe5+ Kd7 34. Rd5+ Ke6 35. Rd1 Ke7 36. Nd4 Rcf6 37. Nf5+ Ke6 38. Rf1 g6 39. Ng3 Rf3 40. Ne4 Bxe3 41. Rc2 Ke7 42. Rc7+ Kd8 43. Rc2 Bd4 44.
Nxg5 Rxf2+ 45. Rxf2 Rxf2+ 46. Kd3 Rxc2 47. Kxc2 Be3 48.
Ne4 Ke7 49. Kd3 Bc1 50. Nc3 Kd6 51. Kc4 Be3 52. Nd5 Bc5 53. Nf4 g5 54. Nh3 Be3 55.
Kd3 Bc1 56. Ke4 Ke6 57. Nf2 Kd6 58. Nd3 Bd2 59. Kf5 Kd5 60. Ne5 Kd4 61. Nf3+ Kc3 62. Nxd2 Kxd2 63. Kxg5 Kc3 64. Kf5 Kxb3 65. g5 Kxa4 66. g6 b5 67. g7 b4 68. g8=Q b3 69. Qc4+ Ka3 70. Ke4 a4 71. Kd3 b2 72. Qc3+ Ka2 73.
Qc4+ Ka3 74. Qc3+ Ka2 75. Qc2 a3 76. Kc3 Ka1 77. Qb3 b1=Q 78. Qxa3+ Qa2 79. Qc1+ Qb1 80. Qa3+ Qa2 81. Qc1+ Qb1 82. Qa3+ 1/2-1/2

[Event "*** Titled Tuesday Blitz"]
[Site "Chess.com"]
[Date "2020.05.26"]
[Round "7"]
[White "chessdjw"]
[Black "Paralinch"]
[Result "1/2-1/2"]
[WhiteElo "2718"]
[BlackElo "2873"]
[TimeControl "180+1"]
[EndTime "11:23:15 PDT"]
[Termination "Game drawn - insufficient material"]

1. e4 c5 2. Nf3 e6 3. d4 cxd4 4. Nxd4 Nf6 5. Nc3 Nc6 6. Ndb5 d6 7. Bf4 e5 8. Bg5 a6 9. Na3 Be6 10. Nc4 Rb8 11. g3 Nd4 12. Ne3 Be7 13. Bxf6 Bxf6 14. h4 Rc8 15. Bh3 O-O 16. Kf1 Bxh3+ 17. Rxh3 Qd7 18. Kg2 Bd8 19. Ncd5 f5 20. c3 f4 21.
gxf4 exf4 22. Qxd4 fxe3 23. Nxe3 Kh8 24. Rd1 Qf7 25. Nf5 Bf6 26. Qe3 Qxa2 27. Nxd6 Rcd8 28. e5 Be7 29. Rf3 Qe6 30. Rd4 Kg8 31. Rxf8+ Rxf8 32. Qe4 b5 33. Qd5 Qxd5+ 34. Rxd5 Bxh4 35. Ne4 Kf7 36. Rd6 a5 37. Rb6 b4 38. cxb4 axb4 39. Rxb4 Kg6 40. Nd6 Be7 41. Rg4+ Kh6 42. Rd4 Rb8 43. b4 Kg6 44. f4 h5 45. Kf3 h4 46. Ke4 h3 47.
f5+ Kg5 48. Rd3 Kg4 49. Rd2 Rxb4+ 50. Kd5 Rb3 51. Ke6 Bg5 52. f6 gxf6 53. Rd4+ Bf4 54. exf6 h2 55. f7 Rb8 56. Ne8 h1=Q 57. Rxf4+ Kxf4 58. f8=Q+ Ke3 59. Qa3+ Kf2 60. Qc5+ Kg3 61. Qe5+ Kg2 62. Qxb8 Qh3+ 63. Ke7 Qh4+ 64. Nf6 Qe1+ 65. Kf7 Qe2 66. Qb7+ Qf3 67. Qb2+ Qf2 68. Qe5 Qf3 69.
Qg5+ Qg3 70. Qd5+ Qf3 71. Qd2+ Qf2 72. Qg5+ Qg3 73. Qc5 Qf3 74. Qc2+ Qf2 75. Qb1 Qf1 76. Qg6+ Kh1 77. Qh5+ Kg1 78. Qg4+ Qg2 79. Qd4+ Qf2 80. Qd1+ Qf1 81. Qh5 Qf2 82. Qg4+ Qg2 83. Qf5 Qf2 84. Qe5 Kg2 85. Ke6 Qb6+ 86. Kf5 Qf2+ 87. Kg6 Qg3+ 88. Qg5 Qxg5+ 89. Kxg5 1/2-1/2

[Event "*** Titled Tuesday Blitz"]
[Site "Chess.com"]
[Date "2020.05.26"]
[Round "7"]
[White "Aleksandar-Topalov"]
[Black "Rodalquilar"]
[Result "0-1"]
[WhiteElo "2385"]
[BlackElo "2632"]
[TimeControl "180+1"]
[EndTime "11:23:24 PDT"]
[Termination "Rodalquilar won by resignation"]

1. b3 d5 2. Bb2 Bf5 3. Nf3 e6 4. g3 Nf6 5. Bg2 Be7 6. O-O O-O 7. d3 h6 8. Nbd2 Bh7 9. e3 a5 10. a3 Nbd7 11. Qe2 c6 12. e4 Qb6 13. Rab1 Rfd8 14. Kh1 Rac8 15. Ng1 Bf8 16. f4 dxe4 17. Nxe4 Nxe4 18.
Bxe4 Bc5 19. Bxh7+ Kxh7 20. Nf3 Kg8 21. a4 Be7 22. f5 Nf8 23. Ne5 c5 24. Nc4 Qc6+ 25. Kg1 f6 26. fxe6 b6 27. Rbe1 Re8 28. Qg4 Kh8 29.
Re2 Rcd8 30. Qh5 Nxe6 31. h4 Bf8 32. Rfe1 Nc7 33. Rxe8 Nxe8 34. Kf2 Nd6 35. Na3 Nc8 36. Qf3 Qd7 37. Nc4 Qc7 38. Qf5 Nd6 39. Qf4 Qc6 40.
Na3 Nf7 41. Qf3 Qc7 42. Nc4 Bd6 43. Qg4 Ne5 44. Bxe5 Bxe5 45. Nxe5 fxe5 46. Kg2 Re8 47. Qf5 Qd6 48. Qe4 Kg8 49. Qc4+ Kh8 50. Re4 Re7 51. Qa6 Qf6 52. Qc8+ Kh7 53. Qg4 Rf7 54. Qe2 Re7 55. c3 Qd6 56. d4 cxd4 57. cxd4 Qd5 58. dxe5 Rxe5 59. Kf3 Qxb3+ 60. Qe3 Qxe3+ 61. Kxe3 Rxe4+ 62. Kxe4 Kg6 63. Kd5 Kf5 64. Kc6 Kg4 65. Kxb6 Kxg3 66. Kxa5 Kxh4 67. Kb5 g5 68. a5 g4 69. a6 g3 70. a7 g2 71. a8=Q g1=Q 72. Qe4+ Qg4 73. Qe1+ Kh5 74. Qe8+ Kg5 75. Qe7+ Kg6 76. Qe8+ Kf5 77.
Qd7+ Kg5 78. Qe7+ Kh5 79. Qf7+ Kh4 80. Qf2+ Qg3 81. Qf8 h5 82. Kc4 Kh3 83. Qf1+ Kg4 84. Qe2+ Qf3 85. Qe6+ Kg3 86. Qe1+ Kg2 87. Qd2+ Kf1 88.
Qg5 Qg4+ 0-1

[Event "*** Titled Tuesday Blitz"]
[Site "Chess.com"]
[Date "2020.05.26"]
[Round "7"]
[White "Kirill_Klukin"]
[Black "RATNAKARAN"]
[Result "1-0"]
[WhiteElo "2699"]
[BlackElo "2543"]
[TimeControl "180+1"]
[EndTime "11:24:37 PDT"]
[Termination "Kirill_Klukin won by resignation"]

1. d4 Nf6 2. Nf3 c5 3. e3 b6 4.
Bd3 Bb7 5. O-O cxd4 6. exd4 e6 7. c4 Be7 8. Nc3 O-O 9. d5 d6 10. dxe6 fxe6 11. Ng5 Qd7 12. Qe2 e5 13. Rd1 Nc6 14. Be3 Rae8 15. Qc2 h6 16. Bf5 Nb4 17. Bxd7 Nxc2 18.
Be6+ Kh8 19. Nf7+ Rxf7 20. Bxf7 Rf8 21. Bg6 Nxa1 22. Rxa1 d5 23. cxd5 Nxd5 24. Nxd5 Bxd5 25. b3 Rf6 26. Be8 Bc6 27. Bh5 Ba3 28. Rd1 Rd6 29.
h3 Kg8 30. Rxd6 Bxd6 31. Kf1 Kf8 32. Be2 Ke7 33. f3 Ba3 34. Ke1 Kd6 35. Kd2 Bb4+ 36. Kc2 Bc5 37. Bd2 a5 38. Bc3 Bd4 39. Bd3 Bxc3 40.
Kxc3 Kc5 41. a3 g5 42. b4+ axb4+ 43. axb4+ Kd6 44. Kd2 Bd5 45. Ke3 Ke6 46. Bh7 Kd6 47.
Be4 Bc4 48. Bg6 Bf1 49. Kf2 Bb5 50. Ke3 Bf1 51. Kf2 Bc4 52. Bh7 Ba6 53. Be4 Bb5 54.
Ke3 Bf1 55. Kf2 Bb5 56. Ke3 Bf1 57. Kf2 Bc4 58. g3 Be6 59. h4 gxh4 60. gxh4 Bd5 61. Ke3 Ke6 62. Bh7 Bc6 63. Be4 Ba4 64. Bb7 Kf5 65.
Be4+ Kf6 66. Bd3 Bc6 67. f4 Bd5 68. Bc2 Bg8 69. Be4 Be6 70. Bd3 Bf5 71. Be4 Bg4 72.
Bd3 Bh3 73. Be4 Ke6 74. Bd3 Kd5 75. f5 Kd6 76. Ke4 Bg2+ 77. Ke3 Ke7 78. Bc4 Kf6 79. Be6 Bb7 80. Bd7 Bd5 81. Bc8 Ba2 82. Bd7 Bb1 83. Bc6 Bxf5 84. Bd5 Be6 85. Be4 Ke7 86.
Bf3 Kd6 87. Be2 Bd5 88. Bd3 Kc6 89. Be2 Bg2 90. Bd3 Kd5 91. Be2 Be4 92. Ba6 Bf5 93.
Be2 e4 94. Ba6 Ke5 95. Bb7 Bg6 96. Bc6 Bh7 97. Bb7 Bf5 98. Ba8 Bg6 99. Bb7 Bf7 100. Bxe4 Bd5 101. Bd3 Bc6 102. Be2 Bb7 103. Bd3 Bc8 104. Be2 Kd5 105. Bd3 Bd7 106. Be2 Bf5 107. Ba6 Bc2 108. Be2 Bb3 109. Kf4 Kd4 110. Kf5 Bc2+ 111. Kf6 Kc3 112. b5 Kb4 113. Kg7 Ba4 114. Kxh6 Bxb5 115. Bxb5 Kxb5 116. Kg5 Kc4 117. h5 b5 118. h6 b4 119. h7 b3 120. h8=Q Kd3 121. Qb2 Kc4 122. Kf4 1-0

[Event "*** Titled Tuesday Blitz"]
[Site "Chess.com"]
[Date "2020.05.26"]
[Round "7"]
[White "kingnb"]
[Black "jacky72"]
[Result "0-1"]
[WhiteElo "2486"]
[BlackElo "2661"]
[TimeControl "180+1"]
[EndTime "11:24:40 PDT"]
[Termination "jacky72 won by resignation"]

1. e4 e5 2. Nf3 Nc6 3. Bc4 Bc5 4. c3 Nf6 5. d4 exd4 6. e5 d5 7. Bb5 Ne4 8. cxd4 Bb6 9. Nc3 O-O 10. Be3 Bg4 11. h3 Bh5 12. Qc2 Bg6 13. Qb3 Na5 14. Qxd5 Qe7 15. Nxe4 Rfd8 16. Nd6 c6 17. Bg5 Qf8 18.
Bxd8 Rxd8 19. b4 cxd5 20. bxa5 Bxa5+ 21. Ke2 Rxd6 22. exd6 Qxd6 23. Rhc1 h6 24. Kf1 a6 25. Be2 Be4 26. Ne5 Qf6 27. Rc8+ Bd8 28. Rac1 Kh7 29. Nxf7 Qxf7 30. Rxd8 Qf6 31. Rdc8 Qxd4 32. f3 Bf5 33. R8c7 Qe3 34. Rd1 d4 35. Re1 d3 36.
Bd1 Qd2 37. Rxb7 Qc1 38. Bb3 d2 39. Rd1 Bc2 40. Bxc2+ Qxc2 41. Ke2 Qc4+ 42. Kf2 Qd4+ 43. Kf1 Qd3+ 44. Kf2 Qd4+ 45. Ke2 Qe5+ 46. Kf2 Qd5 47.
Rbb1 Qd3 48. a4 a5 49. Ra1 Qd4+ 50. Ke2 Qe5+ 51. Kxd2 Qg3 52. Ke3 Qxg2 53. Rg1 Qxh3 54.
Rad1 Qe6+ 55. Kf2 Qa2+ 56. Kf1 Qxa4 57. Rd2 Qc4+ 58. Kf2 a4 59. Rgd1 a3 60. Ra1 Qc5+ 61. Kf1 Qc3 62. Rda2 Qxf3+ 63. Kg1 h5 64. Rxa3 Qg4+ 65.
Kh1 Kh6 66. Ra6+ g6 67. R6a4 Qh3+ 68. Kg1 Qg3+ 69. Kh1 h4 70. R1a3 Qf2 71. Ra2 Qf1+ 72. Kh2 g5 73. Rg2 Qf6 74. Rag4 Qe5+ 75. Kh3 Qe3+ 76.
Kh2 Qe5+ 77. Kh3 Qe1 78. Rxg5 Qh1+ 79. Rh2 Qf3+ 80. Kxh4 Qf4+ 81. Kh3 Kxg5 82. Rg2+ Kh5 83. Rg3 Qf1+ 84. Kh2 Kh4 85. Rg4+ Kh5 86. Rg3 Qf4 87. Kg2 Kh4 88. Rh3+ Kg4 89. Rh2 Qd2+ 90. Kg1 Qe1+ 91.
Kg2 Qg3+ 92. Kh1 Kf3 93. Ra2 Qh3+ 94. Kg1 Qg4+ 95. Kf1 Qc4+ 96. Kg1 Qxa2 0-1

[Event "*** Titled Tuesday Blitz"]
[Site "Chess.com"]
[Date "2020.05.26"]
[Round "7"]
[White "mattcolins2025"]
[Black "BlackWidow515"]
[Result "1/2-1/2"]
[WhiteElo "2283"]
[BlackElo "2135"]
[TimeControl "180+1"]
[EndTime "11:25:56 PDT"]
[Termination "Game drawn by repetition"]

1. d4 d5 2. c4 e6 3. Nc3 Nf6 4. cxd5 exd5 5. Bg5 Be7 6. e3 h6 7. Bh4 O-O 8. Bd3 Nbd7 9. Nge2 b6 10. O-O Bb7 11. f3 c5 12. dxc5 bxc5 13. Rc1 Ne5 14.
Bb1 Rb8 15. b3 Bc6 16. Qc2 g6 17. Rfd1 g5 18. Bg3 Bd6 19. f4 Neg4 20. Bf2 Nxf2 21.
Kxf2 Qe7 22. h3 Rfe8 23. Qd2 Rbd8 24. Ng3 Bc7 25. Nf5 Qf8 26. fxg5 hxg5 27. Qe2 d4 28.
Rd3 dxc3 29. Rdxc3 Bb6 30. Qb2 Be4 31. Rc4 Re6 32.
Bxe4 Nxe4+ 33. Rxe4 Rxe4 34. Qf6 Re6 35. Qxg5+ Rg6 36.
Ne7+ Kg7 37. Qe5+ f6 38. Nf5+ Kh7 39. Qe4 Rg5 40. g4 Re8 41. Qf4 Rxf5 42. Qxf5+ Kg7 43. Rc4 Qe7 44. Qf4 Qe5 45. Kf3 Qxf4+ 46. exf4 Kf7 47. f5 Re1 48. Kf4 Rf1+ 49. Kg3 Bc7+ 50. Kg2 Ra1 51. Rxc5 Rxa2+ 52. Kf3 Be5 53. Rb5 Ra3 54.
Rb7+ Ke8 55. Ke4 Ra5 56. b4 Ra6 57. Kd5 Rd6+ 58. Kc5 a6 59. h4 Rd4 60. Rg7 Kf8 61.
Rg6 Kf7 62. h5 Rd8 63. h6 Rh8 64. Kb6 Rb8+ 65. Kc5 Rc8+ 66. Kb6 Rb8+ 67. Kxa6 Rxb4 68. h7 Rb8 69. g5 fxg5 70. Rxg5 Rh8 71. Rg1 Rxh7 72.
Kb5 Kf6 73. Rf1 Rh5 74. Kc5 Rh4 75. Kd5 Bd4 76. Kc4 Be5+ 77. Kd5 Rd4+ 78. Kc5 Rd8 79. Kc6 Rd2 80. Kc5 Rc2+ 81. Kd5 Rd2+ 82. Kc5 Bd4+ 83.
Kc4 Be3 84. Kc3 Rd8 85. Kc4 Rd4+ 86. Kc3 Rd7 87. Kc4 Rd6 88. Kc3 Rd7 89. Kc4 Kg5 90. f6 Rf7 91. Kd5 Bd2 92. Ke6 Rf8 93.
Rg1+ Kh6 94. f7 Bb4 95. Kf6 Bc3+ 96. Ke6 Ra8 97. Rg8 Ra6+ 98. Ke7 Ra7+ 99. Ke6 Ra6+ 100. Kd5 Ra5+ 101. Kc4 Bg7 102. Kb4 Rf5 103. f8=Q Bxf8+ 104. Kc4 Bg7 105. Re8 Kg6 106. Re6+ Bf6 107. Rd6 Rf1 108. Rd5 Kf7 109. Kb5 Ke6 110. Rc5 Be5 111. Rc6+ Bd6 112.
Rb6 Kd5 113. Rb7 Rb1+ 114. Ka6 Rc1 115. Kb5 Rb1+ 116. Ka6 Ra1+ 117. Kb5 Rh1 118. Kb6 Bc5+ 119. Kb5 Rb1+ 120. Ka6 Ra1+ 121. Kb5 Bd6 122. Kb6 Ra2 123. Kb5 Rc2 124. Kb6 Rc6+ 125. Kb5 Rc5+ 126. Kb6 Rc4 127. Kb5 Rc2 128. Kb6 Bc5+ 129. Kb5 Rb2+ 130. Ka6 Ra2+ 131. Kb5 Bd6 132. Kb6 Rb2+ 133. Ka6 Rc2 134. Kb6 1/2-1/2

[Event "*** Titled Tuesday Blitz"]
[Site "Chess.com"]
[Date "2020.05.26"]
[Round "7"]
[White "GMNickPert"]
[Black "kleopl"]
[Result "1/2-1/2"]
[WhiteElo "2659"]
[BlackElo "2432"]
[TimeControl "180+1"]
[EndTime "11:26:32 PDT"]
[Termination "Game drawn by 50-move rule"]

1. d4 Nf6 2. Nf3 g6 3. g3 Bg7 4.
Bg2 O-O 5. O-O d5 6. c4 c6 7. cxd5 cxd5 8. Nc3 Ne4 9. Ne5 Nxc3 10. bxc3 Nc6 11. Nxc6 bxc6 12. Qa4 Bd7 13. Qa3 Re8 14.
Bf4 f6 15. Rab1 e5 16. Be3 Qc8 17. Rfc1 Bh3 18. Bh1 Bg4 19. dxe5 fxe5 20. Rb2 a5 21. Bc5 Bf8 22. Bxf8 Rxf8 23. e3 Bf5 24. c4 Qd7 25. cxd5 cxd5 26. Rd2 Rad8 27. Rxd5 Qf7 28. Rxd8 Rxd8 29.
Qxa5 Rd7 30. Qxe5 Rd2 31. Qf4 Rxa2 32. g4 Be6 33. Qxf7+ Bxf7 34. h3 Kg7 35. Bf3 Ra7 36. Kg2 h6 37. h4 Ra4 38. Kg3 Kf6 39. Rc6+ Kg7 40. Rc7 Ra5 41. Be2 Ra4 42. g5 hxg5 43. hxg5 Kf8 44. Bd3 Ra3 45. Be4 Ra4 46. f3 Ra1 47.
Kf4 Ra4 48. Ke5 Ra5+ 49. Kf6 Be8 50. Bd3 Rd5 51. Be4 Ra5 52. Rh7 Ra6+ 53. Ke5 Ra5+ 54.
Kf4 Bf7 55. Rh8+ Kg7 56. Rb8 Ra4 57. Kg3 Ra5 58. f4 Ra3 59. Kf3 Ra1 60. Rb7 Kf8 61.
Kg3 Rg1+ 62. Kf2 Ra1 63. Bf3 Ra2+ 64. Kg3 Ra1 65. e4 Ra3 66. Rb6 Kg7 67. Kg4 Kf8 68.
f5 gxf5+ 69. exf5 Ra4+ 70. Kg3 Ra3 71. Kf4 Ra4+ 72. Ke5 Be8 73. f6 Ra3 74. Bd5 Re3+ 75. Kf4 Re1 76. Rb8 Rf1+ 77. Ke5 Rf5+ 78. Ke6 Re5+ 79.
Kd6 Rxg5 80. Bc6 Kf7 81. Bxe8+ Kxf6 82. Bc6 Kf5 83. Rf8+ Kg4 84. Bd7+ Kh4 85. Be6 Kg3 86. Rf7 Kh4 87. Ra7 Kg3 88. Ra3+ Kf4 89. Bd5 Rg6+ 90. Kc5 Rg5 91. Rf3+ Ke5 92. Rf1 Rh5 93. Re1+ Kf4 94. Kd4 Rh4 95. Rf1+ Kg5+ 96. Ke5 Rg4 97. Rf8 Rg3 98.
Rg8+ Kh4 99. Rh8+ Kg5 100. Be4 Kg4 101. Bf5+ Kg5 102. Rf8 Re3+ 103. Be4 Rg3 104. Rf5+ Kh4 105. Rf4+ Rg4 106. Rf1 Rg5+ 107. Kf4 Rg4+ 108. Ke3 Rg3+ 109. Bf3 Kg5 110. Ra1 Kf6 111. Ra6+ Ke7 112. Kf4 Rg7 113. Ra7+ Kf8 114. Ra8+ Kf7 115. Be4 Ke7 116. Ke5 Rg5+ 117. Bf5 Rg7 118. Ra7+ Kf8 119. Ra6 Re7+ 120. Be6 Kg7 121. Ra1 Rc7 122. Rg1+ Kf8 123. Kf6 Rf7+ 124. Ke5 Rg7 125. Rf1+ Ke7 126. Ra1 Rg5+ 127. Bf5 Rg7 128. Ra7+ Kf8 129. Ra4 Re7+ 130. Be6 Kg7 131. Rg4+ Kh7 1/2-1/2

[Event "*** Titled Tuesday Blitz"]
[Site "Chess.com"]
[Date "2020.05.26"]
[Round "8"]
[White "1stSecond"]
[Black "AnishGiri"]
[Result "0-1"]
[WhiteElo "2697"]
[BlackElo "2960"]
[TimeControl "180+1"]
[EndTime "11:35:01 PDT"]
[Termination "AnishGiri won by resignation"]

1. Nf3 Nf6 2. g3 c5 3. Bg2 Nc6 4. c4 g6 5. b3 d6 6. Bb2 Bg7 7. O-O O-O 8. d4 cxd4 9. Nxd4 Bd7 10. Nc3 h5 11. h3 Qc8 12. Kh2 Nxd4 13. Qxd4 Ng4+ 0-1

[Event "*** Titled Tuesday Blitz"]
[Site "Chess.com"]
[Date "2020.05.26"]
[Round "8"]
[White "MidnightFox"]
[Black "talman67"]
[Result "0-1"]
[WhiteElo "2412"]
[BlackElo "2567"]
[TimeControl "180+1"]
[EndTime "11:35:12 PDT"]
[Termination "talman67 won by resignation"]

1. e4 e5 2. Nf3 Nc6 3. Bb5 a6 4. Ba4 Nf6 5. O-O Nxe4 6. d4 b5 7. Bb3 d5 8. dxe5 Be6 9. c3 Bc5 10. Bf4 g5 11. Bg3 h5 12. Nbd2 h4 13. Nxe4 dxe4 14.
Bxe6 0-1

[Event "*** Titled Tuesday Blitz"]
[Site "Chess.com"]
[Date "2020.05.26"]
[Round "8"]
[White "Sippp"]
[Black "Slovak_fighter2000"]
[Result "1-0"]
[WhiteElo "2672"]
[BlackElo "2478"]
[TimeControl "180+1"]
[EndTime "11:35:27 PDT"]
[Termination "Sippp won by resignation"]

1. e4 e6 2. d4 d5 3. Nc3 Nf6 4.
Bg5 Be7 5. e5 Nfd7 6. Bxe7 Qxe7 7. f4 O-O 8. Nf3 c5 9. Qd2 Nc6 10. dxc5 Qxc5 11. O-O-O a6 12. Kb1 b5 13. Bd3 b4 14.
Ne2 a5 15. h4 Ba6 16. h5 Bxd3 17. Qxd3 Nb6 18. Ng5 g6 19. hxg6 fxg6 20. Rxh7 1-0

[Event "*** Titled Tuesday Blitz"]
[Site "Chess.com"]
[Date "2020.05.26"]
[Round "8"]
[White "mortngabriel"]
[Black "CyberdelChess"]
[Result "1-0"]
[WhiteElo "2438"]
[BlackElo "2284"]
[TimeControl "180+1"]
[EndTime "11:35:45 PDT"]
[Termination "mortngabriel won by resignation"]

1. d4 d5 2. c4 c6 3. cxd5 cxd5 4. Bf4 Nc6 5. e3 Nf6 6. Nc3 a6 7. Bd3 b5 8. Rc1 Bb7 9. Nf3 e6 10. O-O Be7 11. a4 b4 12. Nb1 O-O 13. Nbd2 Qa5 14. Nb3 Qxa4 15. Ra1 Qxa1 16. Qxa1 a5 17. Qa4 1-0